 Dungeon Crawl Stone Soup version 0.29.1-2-gbd0b4ee654 (webtiles) character file.

Game seed: 15838479843993765301

32 Haldmier the Charlatan (level 2, -2/22 HPs)
             Began as a Demigod Artificer on Nov 30, 2022.
             Slain by a kobold
             ... wielding a +0 whip
              (3 damage)
             ... on level 1 of the Dungeon.
             The game lasted 00:02:53 (1820 turns).

Haldmier the Charlatan (Demigod Artificer)          Turns: 1820, Time: 00:02:54

Health: -2/22      AC:  3    Str: 13    XL:     2   Next: 93%
Magic:  4/4        EV: 11    Int: 13    God:
Gold:   56         SH:  0    Dex: 14    Spells: 1/1 levels left

rFire   . . .      SeeInvis .   a - +0 club
rCold   . . .      Faith    .   (no shield)
rNeg    . . .      Spirit   .   b - +0 leather armour
rPois   .          Reflect  .   (no helmet)
rElec   .          Harm     .   (no cloak)
rCorr   .          Rampage  .   (no gloves)
Will    .....                   (no boots)
Stlth   +.........              (no amulet)
HPRegen 0.07/turn               (no ring)
MPRegen 0.09/turn               (no ring)

@: no status effects
A: high MP 1, forlorn, divine attributes
a: no special abilities


You were on level 1 of the Dungeon.
You visited 1 branch of the dungeon, and saw 1 of its levels.

You collected 56 gold pieces.

Inventory:

Hand Weapons
 a - a +0 club (weapon)
Missiles
 i - 9 stones
Armour
 b - a +0 leather armour (worn)
Wands
 c - a wand of flame (15) (quivered)
 d - a wand of charming (13)
 e - a wand of iceblast (5)
Scrolls
 f - a scroll of fear {unknown}
 g - a scroll of teleportation {unknown}
 h - a scroll of blinking {unknown}


   Skills:
 - Level 0.8 Fighting
 + Level 2.5 Maces & Flails
 - Level 1.7 Armour
 - Level 0.8 Dodging
 - Level 0.8 Stealth
 - Level 2.6 Evocations


You had one spell level left.
You didn't know any spells.
Your spell library contained the following spells:

 Spells                   Type           Power      Damage    Failure   Level
 Gell's Gravitas          Tloc           0%         N/A       75%         3
 Teleport Other           Tloc           0%         N/A       75%         3
 Dispersal                Tloc           0%         N/A       100%        6


Dungeon Overview and Level Annotations

Branches:
Dungeon (1/15)


Innate Abilities, Weirdness & Mutations

You have an increased reservoir of magic. (+10% MP)
You shall have no god before yourself.
Your divine heritage dramatically boosts your attributes as you level up.


Message History

Attack!
The jackal closely misses your kobold.
Your kobold hits the jackal with a +0 whip.
Something bites your kobold but does no damage.
Your kobold closely misses something.
Something misses your kobold.
Your kobold misses something.
Something bites your kobold but does no damage.
Something barely misses your kobold.
Your kobold hits something with a +0 whip.
You feel a bit more experienced.
Your kobold closely misses something.
Something misses your kobold.
Your kobold hits something with a +0 whip.
Something bites your kobold. Something closely misses your kobold.
Your kobold hits something with a +0 whip.
You feel a bit more experienced.
You feel a bit more experienced.
There is an open door here.
You close the door.
You start resting.
A kobold opens the door.
It is wielding a +0 whip.
You hit the kobold but do no damage.
The kobold is moderately wounded.
The kobold hits you with a +0 whip.
* * * LOW HITPOINT WARNING * * *
You hit the kobold.
The kobold is severely wounded.
The kobold hits you but does no damage.
You hit the kobold but do no damage.
The kobold is severely wounded.
The kobold hits you with a +0 whip.
* * * LOW HITPOINT WARNING * * *
You closely miss the kobold.
The kobold is severely wounded.
The kobold hits you with a +0 whip.
* * * LOW HITPOINT WARNING * * *
You miss the kobold.
The kobold is severely wounded.
The kobold hits you with a +0 whip.
You die...

...## #.# ...#
##############.#
...###...#.......##.#
...'.#.#.#.#####.##.#
...#.#.#.#...# #.##.#
...#.#...###.# #.##.#
####.#.#.....# #.##.#
..##.#.#.##### #.##.#
..'..###.# #@##[#
..####<..# #K##.# ..#
###.# #....# ..# #.#
####.# ..# #.# #.#
### ..# #.# #.# #.#
#.. #.# .# #.#


You could see a kobold.

Vanquished Creatures
  2 endoplasms (D:1)
  3 giant cockroaches (D:1)
  6 goblins (D:1)
  A hobgoblin (D:1)
  2 kobolds (D:1)
  A quokka (D:1)
  4 ball pythons (D:1)
  3 frilled lizards (D:1)
  2 rats (D:1)
24 creatures vanquished.

Vanquished Creatures (collateral kills)
  4 jackals (D:1)
4 creatures vanquished.

Grand Total: 28 creatures vanquished

Notes
Turn   | Place    | Note
-------+----------+-------------------------------------------
     0 | D:1      | Haldmier the Demigod Artificer began the quest for the Orb.
     0 | D:1      | Reached XP level 1. HP: 15/15 MP: 3/3
   272 | D:1      | Reached skill level 1 in Maces & Flails
   502 | D:1      | Reached XP level 2. HP: 12/22 MP: 4/4
  1819 | D:1      | HP: 1/22 [kobold/+0 whip (3)]
  1820 | D:1      | Slain by a kobold

Illustrated notes

Levels and vault maps discovered:
D:1:      onia_arrival_mini_maze_b, layout_basic,
          shapermc_ecumenical_altar_totnotflames, serial_forest,
          infiniplex_forest_corner_1, infiniplex_forest_end_1,
          infiniplex_forest_clump_small, infiniplex_forest_lined_room_2,
          infiniplex_forest_straight_2, infiniplex_forest_diagonal,
          infiniplex_forest_lined_corner

Skill      XL: |  1  2 |
---------------+-------+-----
Maces & Flails | 1 2 |  2.5
Fighting       | |  0.8
Armour         | |  1.7
Dodging        | |  0.8
Stealth        | |  0.8
Evocations     | |  2.6

Action                   || total
-------------------------++-------
Melee: Club              ||   126
Evoke: Wand              ||     2
Armor: Leather armour    ||    43
Dodge: Dodged            ||    64
